 Dungeon Crawl Stone Soup version 0.29.0-4-gdea44cf6ec (webtiles) character file.

Game seed: 13184470954900514095

30527 qw the Severer (level 13, -9/82 HPs)
             Began as a Tengu Warper on Aug 29, 2022.
             Was a High Priest of Okawaru.
             Mangled by a cane toad (14 damage)
             ... on level 5 of the Lair of Beasts.
             The game lasted 00:04:18 (16726 turns).

qw the Severer (Tengu Warper)                      Turns: 16726, Time: 00:04:19

Health: -9/82      AC: 20    Str: 18    XL:     13   Next: 52%
Magic:  20/20      EV: 14    Int: 13    God:    Okawaru [*****.]
Gold:   387        SH:  0    Dex: 13    Spells: 16/16 levels left

rFire   . . .      SeeInvis +   o - +3 war axe (drain)
rCold   + . .      Faith    .   (no shield)
rNeg    . . .      Spirit   .   u - +3 chain mail
rPois   .          Reflect  .   l - +1 hat
rElec   .          Harm     .   (no cloak)
rCorr   .          Rampage  .   f - +2 pair of gloves
Will    .....                   (boots unavailable)
Stlth   ..........              (no amulet)
HPRegen 0.23/turn               a - ring of protection from cold
MPRegen 0.17/turn               g - ring of see invisible

@: heroic, flying quickly and evasively, quick
A: beak, talons 3, nimble flight
a: Renounce Religion, Heroism, Finesse, Duel


You were on level 5 of the Lair of Beasts.
You worshipped Okawaru.
Okawaru was extremely pleased with you.
You visited 3 branches of the dungeon, and saw 14 of its levels.

You collected 737 gold pieces.
You spent 350 gold pieces at shops.


Innate Abilities, Weirdness & Mutations

You have a beak for a mouth.
You have claws for feet.
Your magical nature lets you fly swiftly and evasively.


   Skills:
 - Level 10.0(15.0) Fighting
 - Level 16.0(21.0) Axes
 - Level 3.1(8.1) Throwing
 - Level 9.0(14.0) Armour
 + Level 6.9(11.9) Dodging
 - Level 2.0 Spellcasting
 - Level 2.4 Translocations
 + Level 9.2 Invocations


You had 16 spell levels left.
You didn't know any spells.
Your spell library contained the following spells:

 Spells                   Type           Power      Damage    Failure   Level
 Blink                    Tloc           14%        N/A       69%         2
 Gell's Gravitas          Tloc           7%         N/A       89%         3
 Lesser Beckoning         Tloc           7%         N/A       89%         3
 Teleport Other           Tloc           7%         N/A       89%         3
 Manifold Assault         Tloc           7%         N/A       100%        5

Inventory:

Hand Weapons
 d - a +0 hand axe of flaming
 o - a +3 war axe of draining (weapon)
Missiles
 j - a boomerang (quivered)
Armour
 f - a +2 pair of gloves (worn)
 l - a +1 hat (worn)
 n - a +0 buckler
 u - a +3 chain mail (worn)
Jewellery
 a - a ring of protection from cold (left hand)
 e - a ring of positive energy
 g - a ring of see invisible (right hand)
 q - the amulet "Veemp" {Acrobat Harm Str+4}
   (You bought it in a shop on level 6 of the Dungeon)

   [amulet of the acrobat]

   It increases your evasion while moving and waiting.
   Str:       It affects your strength (+4).
   Harm:      It increases damage dealt and taken.
 Y - a ring of willpower
Scrolls
 p - 2 scrolls of identify
Potions
 b - a potion of resistance
 c - 6 potions of curing
 h - 4 potions of might
 i - a potion of haste
 k - 2 potions of cancellation
 m - 3 potions of mutation

Dungeon Overview and Level Annotations

Branches:
Dungeon (8/15)             Temple (1/1) D:6            Lair (5/5) D:8
 Shoals (0/4) Lair:3       Spider (0/4) Lair:2        Slime (0/5) Lair:4

Altars:
Ashenzari
Cheibriados
Dithmenos
Fedhas
Gozag
Hepliaklqana
Kikubaaqudgha
Makhleb
Nemelex Xobeh
Okawaru
Qazlal
Ru
Trog
Vehumet
Wu Jian
Xom
Yredelemnul
Zin
The Shining One

Shops:
D:5 *   D:6 *   D:7 [!*?


Message History

You slice the rime drake!! You drain the rime drake. You claw the rime drake.
Your peck misses the rime drake.
The rime drake is almost dead.
The rime drake breathes ice at you. The flash freeze hits you!
You partially resist.
You are encased in ice.
You completely miss the rime drake. Your kick misses the rime drake.
The rime drake is almost dead.
You hit the rime drake but do no damage.
Your punch misses the rime drake.
The rime drake is almost dead.
The rime drake bites you but does no damage.
You hit the rime drake. You claw the rime drake.
You kill the rime drake!
Okawaru accepts your kill.
You can now enter into single combat with a foe.
Okawaru will now gift you equipment as you gain piety.
A merfolk avatar comes into view.
The merfolk avatar moves out of view.
You start resting.
The ice encasing you melts away.
A cane toad comes into view.
The cane toad moves out of view.
You start resting.
A cane toad is nearby!
Throw: boomerang
Press: ? - help, Q - select action Shift-Dir - straight line, f - cane toad You throw a boomerang.
The boomerang barely misses the cane toad.
The cane toad croaks.
Throw: boomerang
Press: ? - help, Q - select action Shift-Dir - straight line, f/p - cane toad You throw a boomerang.
The boomerang hits the cane toad!
The cane toad is moderately wounded.
A rime drake comes into view.
The rime drake hisses angrily.
You slash the cane toad! You drain the cane toad. You peck the cane toad.
The cane toad is almost dead.
The cane toad stings you!
You die...

..## ###...#..# .P.#
...## #........##...!
....# .#.............
...##### #............#
P......###...........P#
...%...#%#....../.....#~
..~~.~.[%.~.~..~~.~~~.~~
#.##~~##~~##~~#~~~~#~~#~
~~~#~~##~~##~~~~@~##
~~~~~~~~~P~~#~~.F~~.~~~~
#~~~~~~~~~~~~.~.~~~~.~~~
..##~########~#~~##.####
#. #D P~.~#~. }# # ~~
~~~.~~#. .# ..~~~~~ ~
#~.#### #k


You could see a cane toad (drained) and a rime drake.

Vanquished Creatures
  4 hydras
  Nergalle (Lair:2)
  A sea snake (Lair:5)
  2 harpies (Lair:5)
  An oklob plant (Lair:3)
  A manticore (D:8)
  8 elephants
  A merfolk siren (Lair:3)
  2 black mambas (Lair:3)
  4 cane toads
  Maggie (D:7)
  3 rime drakes
  5 komodo dragons
  6 polar bears
  3 hornets
  26 blink frogs
  3 culicivoras (Lair:2)
  13 yaks
  2 wyverns
  A basilisk (Lair:2)
  3 steam dragons
  30 water moccasins
  3 ice beasts
  9 black bears
  3 ogres
  3 centaurs
  13 wolves
  A phantom (D:5)
  12 bullfrogs
  2 kobold brigands
  2 necrophages
  7 scorpions
  4 killer bees
  4 howler monkeys
  2 electric eels (Lair:1)
  5 jellies
  A gnoll bouda (D:4)
  5 hounds
  2 iguanas (D:6)
  5 orc wizards
  A hell rat (Lair:5)
  10 gnolls
  2 adders
  6 white imps
  2 ufetubi (D:6)
  3 dart slugs (D:1)
  23 orcs
  3 bats
  6 endoplasms
  3 goblins
  5 hobgoblins
  6 jackals
  7 kobolds
  3 quokkas
  2 ball pythons
  16 frilled lizards
  7 rats
309 creatures vanquished.

Vanquished Creatures (others)
  2 bushes (Lair:5)
  67 fungi
  146 plants
215 creatures vanquished.

Grand Total: 524 creatures vanquished

Notes
Turn   | Place    | Note
-------+----------+-------------------------------------------
     0 | D:1      | qw the Tengu Warper began the quest for the Orb.
     0 | D:1      | Reached XP level 1. HP: 12/12 MP: 4/4
     0 | D:1      | 0 ||| qw: Version: 0.1-a-89-g26bdef1
     0 | D:1      | 0 ||| qw: Game counter: 3496
     0 | D:1      | 0 ||| qw: Always use a shield: true
     0 | D:1      | 0 ||| qw: God list: Okawaru
     0 | D:1      | 0 ||| qw: Allow faded altars: false
     0 | D:1      | 0 ||| qw: Do Orc after D:15 true
     0 | D:1      | 0 ||| qw: Do second Lair branch before Depths: true
     0 | D:1      | 0 ||| qw: Lair rune preference: random
     0 | D:1      | 0 ||| qw: Plans: Normal
     0 | D:1      | 0 ||| PLANNING D:1-11
   143 | D:1      | 143 ||| Stepping ~*~*~tactically~*~*~ (stealth).
   313 | D:1      | Reached skill level 3 in Axes
   313 | D:1      | Reached XP level 2. HP: 17/17 MP: 6/6
   377 | D:1      | 377 ||| Stepping ~*~*~tactically~*~*~ (hiding).
   916 | D:1      | 916 ||| UPGRADING to +0 scale mail.
   926 | D:1      | 926 ||| DROPPING +0 leather armour.
   927 | D:1      | 927 ||| UPGRADING to +0 pair of gloves.
   932 | D:1      | 932 ||| UPGRADING to ring of positive energy.
   933 | D:1      | 933 ||| READING scroll labelled AROAMMEOCS.
   934 | D:1      | 934 ||| READING scroll labelled ADODDI QEMUGITT.
   935 | D:1      | 935 ||| DROPPING +0 club.
   936 | D:1      | 936 ||| DROPPING scroll of blinking.
   964 | D:2      | Reached XP level 3. HP: 21/21 MP: 7/7
  1028 | D:2      | 1028 ||| Stepping ~*~*~tactically~*~*~ (stealth).
  1035 | D:2      | 1035 ||| FLEEEEING.
  1036 | D:2      | 1036 ||| FLEEEEING.
  1037 | D:2      | 1037 ||| FLEEEEING.
  1042 | D:2      | Reached skill level 4 in Axes
  1045 | D:2      | 1045 ||| FLEEEEING.
  1046 | D:2      | 1046 ||| STAIRDANCE
  1081 | D:1      | 1081 ||| READING scroll labelled BIVYBI AMPACOI.
  1393 | D:2      | 1393 ||| Stepping ~*~*~tactically~*~*~ (stealth).
  1553 | D:2      | Found a faded altar of an unknown god.
  1578 | D:2      | 1578 ||| Stepping ~*~*~tactically~*~*~ (stealth).
  1599 | D:2      | 1599 ||| FLEEEEING.
  1732 | D:2      | 1732 ||| READING scroll labelled MASEAD XUMARR.
  1736 | D:2      | 1736 ||| READING scroll labelled TOSAWNAOPT.
  1805 | D:3      | Found a broken altar of Ashenzari.
  1846 | D:3      | Reached XP level 4. HP: 26/26 MP: 8/8
  1894 | D:3      | Found an ornate altar of the Wu Jian Council.
  1902 | D:3      | 1902 ||| Stepping ~*~*~tactically~*~*~ (stealth).
  1904 | D:3      | 1904 ||| SWAPPING to +0 war axe.
  1949 | D:3      | Reached skill level 5 in Axes
  2105 | D:3      | 2105 ||| READING scroll of brand weapon.
  2105 | D:3      | 2105 ||| BRANDING +0 war axe.
  2468 | D:3      | 2468 ||| UPGRADING to +0 chain mail.
  2478 | D:3      | 2478 ||| DROPPING +0 scale mail.
  2479 | D:3      | 2479 ||| DROPPING scarf of harm.
  2480 | D:3      | 2480 ||| UPGRADING to ring of see invisible.
  2481 | D:3      | 2481 ||| UPGRADING to ring of willpower.
  2483 | D:3      | 2483 ||| DRINKING 2 fuming red potions.
  2500 | D:4      | Gained mutation: Your magical nature lets you fly swiftly
                  | and evasively. [Tengu growth]
  2500 | D:4      | Reached XP level 5. HP: 22/30 MP: 9/9
  2544 | D:4      | 2544 ||| FLEEEEING.
  2545 | D:4      | 2545 ||| FLEEEEING.
  2546 | D:4      | 2546 ||| FLEEEEING.
  2547 | D:4      | 2547 ||| FLEEEEING.
  2549 | D:4      | 2549 ||| STAIRDANCE
  2937 | D:4      | Found a radiant altar of Vehumet.
  2942 | D:4      | 2942 ||| Stepping ~*~*~tactically~*~*~ (hiding).
  2952 | D:4      | Reached skill level 6 in Axes
  3038 | D:4      | 3038 ||| Stepping ~*~*~tactically~*~*~ (hiding).
  3163 | D:4      | 3163 ||| Stepping ~*~*~tactically~*~*~ (stealth).
  3211 | D:4      | Found a hazy altar of Hepliaklqana.
  3333 | D:4      | 3333 ||| Stepping ~*~*~tactically~*~*~ (hiding).
  3337 | D:4      | Reached XP level 6. HP: 35/35 MP: 10/10
  3458 | D:4      | Found a sparkling altar of Nemelex Xobeh.
  3784 | D:4      | 3784 ||| UPGRADING to +3 chain mail.
  3794 | D:4      | 3794 ||| DROPPING +0 chain mail.
  3795 | D:4      | 3795 ||| READING 2 scrolls labelled TIET BAIDUNUC.
  3796 | D:4      | 3796 ||| READING scroll labelled TOZUNK JOVIRCH.
  3797 | D:4      | 3797 ||| READING scroll labelled KUBREP BEHESTRE.
  3798 | D:4      | 3798 ||| READING scroll labelled ZOLUK IPARPHIKH.
  3899 | D:4      | 3899 ||| READING scroll labelled NAN OLLUSIKA.
  4043 | D:4      | 4043 ||| DRINKING 2 coppery potions.
  4044 | D:4      | 4044 ||| DRINKING 2 cyan potions.
  4045 | D:4      | 4045 ||| READING 2 scrolls of identify.
  4045 | D:4      | 4045 ||| IDENTIFYING fizzy pink potion
  4046 | D:4      | 4046 ||| DROPPING potion of invisibility.
  4047 | D:4      | 4047 ||| DROPPING scroll of butterflies.
  4077 | D:5      | Entered Level 5 of the Dungeon
  4108 | D:5      | Reached skill level 7 in Axes
  4241 | D:5      | Reached skill level 3 in Fighting
  4327 | D:5      | Reached XP level 7. HP: 41/41 MP: 11/11
  4328 | D:5      | 4328 ||| Stepping ~*~*~tactically~*~*~ (hiding).
  4330 | D:5      | 4330 ||| Stepping ~*~*~tactically~*~*~ (hiding).
  4340 | D:5      | 4340 ||| Stepping ~*~*~tactically~*~*~ (stealth).
  4347 | D:5      | Reached skill level 8 in Axes
  4350 | D:5      | 4350 ||| FLEEEEING.
  4362 | D:5      | 4362 ||| FLEEEEING.
  4363 | D:5      | 4363 ||| FLEEEEING.
  4366 | D:5      | 4366 ||| STAIRDANCE
  4496 | D:4      | 4496 ||| UPGRADING to amulet of guardian spirit.
  4501 | D:4      | 4501 ||| READING 3 scrolls labelled ISHEZO TIDEANN.
  4502 | D:4      | 4502 ||| DROPPING 2 scrolls of fear.
  4542 | D:5      | Reached skill level 3 in Armour
  4545 | D:5      | 4545 ||| Stepping ~*~*~tactically~*~*~ (stealth).
  4547 | D:5      | 4547 ||| Stepping ~*~*~tactically~*~*~ (stealth).
  5029 | D:5      | Reached XP level 8. HP: 41/46 MP: 10/12
  5133 | D:5      | Found Siuhem's CLEARANCE SALE!.
  5202 | D:5      | Reached skill level 9 in Axes
  5228 | D:5      | 5228 ||| READING 2 scrolls of identify.
  5228 | D:5      | 5228 ||| IDENTIFYING fizzy white potion
  5291 | D:6      | 5291 ||| READING scroll of enchant weapon.
  5291 | D:6      | 5291 ||| ENCHANTING +1 war axe of draining.
  5366 | D:6      | 5366 ||| Stepping ~*~*~tactically~*~*~ (stealth).
  5386 | D:6      | 5386 ||| FLEEEEING.
  5387 | D:6      | 5387 ||| FLEEEEING.
  5388 | D:6      | 5388 ||| FLEEEEING.
  5390 | D:6      | 5390 ||| FLEEEEING.
  5392 | D:6      | 5392 ||| FLEEEEING.
  5393 | D:6      | 5393 ||| FLEEEEING.
  5394 | D:6      | 5394 ||| FLEEEEING.
  5395 | D:6      | 5395 ||| FLEEEEING.
  5398 | D:6      | 5398 ||| FLEEEEING.
  5408 | D:6      | Reached skill level 10 in Axes
  5566 | D:6      | Found Ystretif's Assorted Antiques.
  5573 | D:6      | 5573 ||| BUYING 3 scrolls labelled KEM MAGEYC TOU (78
                  | gold).
  5573 | D:6      | Bought 3 scrolls labelled KEM MAGEYC TOU for 78 gold pieces
  5573 | D:6      | 5573 ||| BUYING metallic pink potion (23 gold).
  5573 | D:6      | Bought a metallic pink potion for 23 gold pieces
  5573 | D:6      | 5573 ||| BUYING slimy garnet amulet (130 gold).
  5573 | D:6      | Bought a slimy garnet amulet for 130 gold pieces
  5573 | D:6      | Identified the amulet "Veemp" {Acrobat Harm Str+4} (You
                  | bought it in a shop on level 6 of the Dungeon)
  5869 | D:6      | Reached XP level 9. HP: 39/54 MP: 9/13
  5968 | D:6      | Found a staircase to the Ecumenical Temple.
  5969 | D:6      | 5969 ||| PLANNING TEMPLE
  5969 | D:6      | 5969 ||| DROPPING orb of mayhem.
  5970 | D:6      | 5970 ||| READING scroll labelled LOENO DAECLUS.
  5971 | D:6      | 5971 ||| READING 3 scrolls labelled KEM MAGEYC TOU.
  5972 | D:6      | 5972 ||| READING 2 scrolls of enchant armour.
  5972 | D:6      | 5972 ||| ENCHANTING +0 pair of gloves.
  5973 | D:6      | 5973 ||| READING scroll of enchant armour.
  5973 | D:6      | 5973 ||| ENCHANTING +1 pair of gloves.
  5982 | D:6      | Reached skill level 3 in Dodging
  5985 | Temple   | Entered the Ecumenical Temple
  6019 | Temple   | 6019 ||| PLANNING D:1-11
  6137 | D:6      | 6137 ||| Stepping ~*~*~tactically~*~*~ (stealth).
  6139 | D:6      | 6139 ||| Stepping ~*~*~tactically~*~*~ (hiding).
  6141 | D:6      | 6141 ||| Stepping ~*~*~tactically~*~*~ (hiding).
  6142 | D:6      | 6142 ||| Stepping ~*~*~tactically~*~*~ (hiding).
  6144 | D:6      | 6144 ||| Stepping ~*~*~tactically~*~*~ (hiding).
  6453 | D:6      | Reached skill level 11 in Axes
  6639 | D:7      | Found Tiobriog's General Store.
  6639 | D:7      | Found Ycofoid's Magic Scroll Shoppe.
  6642 | D:7      | 6642 ||| STAIRDANCE
  6659 | D:7      | 6659 ||| BUYING potion of might (52 gold).
  6659 | D:7      | Bought a potion of might for 52 gold pieces
  6659 | D:7      | 6659 ||| SHOPLISTING scroll of enchant armour (97 gold,
                  | have 41).
  6663 | D:7      | 6663 ||| SHOPLISTING scroll of enchant weapon (82 gold,
                  | have 41).
  6663 | D:7      | 6663 ||| BUYING scroll of identify (22 gold).
  6663 | D:7      | Bought a scroll of identify for 22 gold pieces
  6806 | D:7      | Found a snail-covered altar of Cheibriados.
  6845 | D:7      | 6845 ||| Stepping ~*~*~tactically~*~*~ (hiding).
  7004 | D:7      | Noticed Maggie
  7005 | D:7      | 7005 ||| Stepping ~*~*~tactically~*~*~ (stealth).
  7007 | D:7      | 7007 ||| Stepping ~*~*~tactically~*~*~ (hiding).
  7013 | D:7      | Reached skill level 12 in Axes
  7022 | D:7      | Paralysed by Maggie for 4 turns
  7030 | D:7      | HP: 11/54 [Maggie/bolt of fire (5)]
  7031 | D:7      | 7031 ||| READING 3 scrolls of teleportation.
  7032 | D:7      | 7032 ||| DRINKING 3 potions of heal wounds.
  7033 | D:7      | Killed Maggie
  7034 | D:7      | Reached skill level 6 in Fighting
  7036 | D:7      | 7036 ||| Stepping ~*~*~tactically~*~*~ (stealth).
  7044 | D:7      | 7044 ||| Stepping ~*~*~tactically~*~*~ (stealth).
  7046 | D:7      | 7046 ||| Stepping ~*~*~tactically~*~*~ (stealth).
  7076 | D:7      | 7076 ||| Stepping ~*~*~tactically~*~*~ (stealth).
  7163 | D:7      | 7163 ||| Stepping ~*~*~tactically~*~*~ (stealth).
  7164 | D:7      | 7164 ||| Stepping ~*~*~tactically~*~*~ (stealth).
  7179 | D:7      | Found Lynwes's Armour Shoppe.
  7190 | D:7      | 7190 ||| SHOPLISTING +0 cloak (67 gold, have 40).
  7190 | D:7      | 7190 ||| SHOPLISTING +0 plate armour (345 gold, have 40).
  7190 | D:7      | 7190 ||| SHOPLISTING +1 plate armour of True Grit {rElec
                  | rN+} (693 gold, have 40).
  7260 | D:7      | Found a shadowy altar of Dithmenos.
  7279 | D:7      | Found Yguuxzybloo's Armour Boutique.
  7346 | D:7      | Found Vuicur's Distillery.
  7349 | D:7      | 7349 ||| BUYING potion of curing (45 gold).
  7349 | D:7      | Bought a potion of curing for 45 gold pieces
  7349 | D:7      | 7349 ||| SHOPLISTING potion of haste (150 gold, have 55).
  7349 | D:7      | 7349 ||| SHOPLISTING potion of might (60 gold, have 55).
  7388 | D:7      | 7388 ||| READING 4 scrolls of identify.
  7388 | D:7      | 7388 ||| IDENTIFYING orange potion
  7389 | D:7      | 7389 ||| READING 3 scrolls of identify.
  7389 | D:7      | 7389 ||| IDENTIFYING puce potion
  7390 | D:7      | 7390 ||| READING 2 scrolls of identify.
  7390 | D:7      | 7390 ||| IDENTIFYING metallic pink potion
  7391 | D:7      | 7391 ||| DROPPING potion of flight.
  7392 | D:7      | 7392 ||| DROPPING potion of attraction.
  7451 | D:8      | Noticed a hornet
  7460 | D:8      | Paralysed by a hornet for 2 turns
  7463 | D:8      | Killed a hornet
  7464 | D:8      | Reached XP level 10. HP: 35/60 MP: 7/14
  7471 | D:8      | 7471 ||| Stepping ~*~*~tactically~*~*~ (stealth).
  7472 | D:8      | 7472 ||| Stepping ~*~*~tactically~*~*~ (stealth).
  7478 | D:8      | 7478 ||| Stepping ~*~*~tactically~*~*~ (stealth).
  7479 | D:8      | 7479 ||| Stepping ~*~*~tactically~*~*~ (hiding).
  7491 | D:8      | 7491 ||| Stepping ~*~*~tactically~*~*~ (stealth).
  7494 | D:8      | Reached skill level 13 in Axes
  7494 | D:8      | 7494 ||| FLEEEEING.
  7529 | D:8      | 7529 ||| Stepping ~*~*~tactically~*~*~ (cloud).
  7826 | D:8      | 7826 ||| FLEEEEING.
  7827 | D:8      | 7827 ||| FLEEEEING.
  7828 | D:8      | 7828 ||| FLEEEEING.
  7829 | D:8      | 7829 ||| STAIRDANCE
  7896 | D:7      | 7896 ||| UPGRADING to +1 hat.
  7901 | D:7      | 7901 ||| DRINKING 2 grey potions.
  7902 | D:7      | 7902 ||| DROPPING potion of brilliance.
  7920 | D:8      | Found a staircase to the Lair.
  7972 | D:8      | 7972 ||| FLEEEEING.
  7973 | D:8      | 7973 ||| FLEEEEING.
  7976 | D:8      | 7976 ||| FLEEEEING.
  7977 | D:8      | 7977 ||| FLEEEEING.
  7981 | D:8      | 7981 ||| STAIRDANCE
  8087 | D:8      | 8087 ||| Stepping ~*~*~tactically~*~*~ (hiding).
  8088 | D:8      | 8088 ||| Stepping ~*~*~tactically~*~*~ (hiding).
  8091 | D:8      | 8091 ||| Stepping ~*~*~tactically~*~*~ (hiding).
  8204 | D:8      | Found an iron altar of Okawaru.
  8212 | D:8      | Became a worshipper of Warmaster Okawaru
  8213 | D:8      | 8213 ||| REMOVING amulet of guardian spirit.
  8231 | D:8      | 8231 ||| Stepping ~*~*~tactically~*~*~ (stealth).
  8261 | D:8      | Reached skill level 14 in Axes
  8261 | D:8      | 8261 ||| FLEEEEING.
  8262 | D:8      | 8262 ||| FLEEEEING.
  8263 | D:8      | 8263 ||| FLEEEEING.
  8264 | D:8      | 8264 ||| FLEEEEING.
  8265 | D:8      | 8265 ||| FLEEEEING.
  8266 | D:8      | 8266 ||| FLEEEEING.
  8267 | D:8      | 8267 ||| FLEEEEING.
  8272 | D:8      | 8272 ||| FLEEEEING.
  8273 | D:8      | 8273 ||| FLEEEEING.
  8274 | D:8      | 8274 ||| FLEEEEING.
  8275 | D:8      | 8275 ||| FLEEEEING.
  8276 | D:8      | 8276 ||| FLEEEEING.
  8277 | D:8      | 8277 ||| FLEEEEING.
  8278 | D:8      | 8278 ||| FLEEEEING.
  8371 | D:8      | 8371 ||| Stepping ~*~*~tactically~*~*~ (stealth).
  8373 | D:8      | 8373 ||| Stepping ~*~*~tactically~*~*~ (stealth).
  8375 | D:8      | 8375 ||| Stepping ~*~*~tactically~*~*~ (hiding).
  8376 | D:8      | 8376 ||| Stepping ~*~*~tactically~*~*~ (hiding).
  8387 | D:8      | 8387 ||| Stepping ~*~*~tactically~*~*~ (stealth).
  8396 | D:8      | 8396 ||| Stepping ~*~*~tactically~*~*~ (hiding).
  8398 | D:8      | 8398 ||| Stepping ~*~*~tactically~*~*~ (hiding).
  8458 | D:8      | 8458 ||| Stepping ~*~*~tactically~*~*~ (stealth).
  8464 | D:8      | 8464 ||| Stepping ~*~*~tactically~*~*~ (stealth).
  8471 | D:8      | 8471 ||| Stepping ~*~*~tactically~*~*~ (stealth).
  8607 | D:8      | Noticed a manticore
  8616 | D:8      | Killed a manticore
  8786 | D:8      | 8786 ||| PLANNING LAIR
  8786 | D:8      | 8786 ||| DROPPING amulet of guardian spirit.
  8787 | D:8      | 8787 ||| READING 2 scrolls of identify.
  8787 | D:8      | 8787 ||| IDENTIFYING viscous dark potion
  8788 | D:8      | 8788 ||| DROPPING potion of degeneration.
  8809 | Lair:1   | Entered Level 1 of the Lair of Beasts
  9133 | Lair:1   | Reached * piety under Okawaru
  9133 | Lair:1   | HP: 15/63 [poisoned by a water moccasin]
  9134 | Lair:1   | 9134 ||| DRINKING 3 potions of curing.
  9134 | Lair:1   | 9134 ||| (to cure poison)
  9374 | Lair:1   | 9374 ||| INVOKING Heroism.
  9380 | Lair:1   | Reached skill level 6 in Armour
  9380 | Lair:1   | Reached skill level 1 in Invocations
  9481 | Lair:1   | 9481 ||| INVOKING Heroism.
  9496 | Lair:1   | Reached XP level 11. HP: 46/67 MP: 13/15
  9502 | Lair:1   | 9502 ||| INVOKING Heroism.
  9510 | Lair:1   | Reached skill level 3 in Invocations
  9662 | Lair:1   | 9662 ||| INVOKING Heroism.
  9953 | Lair:1   | 9953 ||| Stepping ~*~*~tactically~*~*~ (stealth).
  9956 | Lair:1   | 9956 ||| INVOKING Heroism.
  9971 | Lair:1   | Reached ** piety under Okawaru
  9985 | Lair:1   | 9985 ||| INVOKING Heroism.
 10457 | Lair:1   | 10457 ||| Stepping ~*~*~tactically~*~*~ (stealth).
 10458 | Lair:1   | 10458 ||| Stepping ~*~*~tactically~*~*~ (stealth).
 10747 | Lair:1   | 10747 ||| READING scroll labelled YTEILA WEEK.
 10748 | Lair:1   | 10748 ||| DRINKING 2 ruby potions.
 10763 | Lair:1   | 10763 ||| DROPPING potion of lignification.
 10792 | Lair:2   | Reached skill level 15 in Axes
 10797 | Lair:2   | Noticed an eight-headed hydra
 10798 | Lair:2   | 10798 ||| INVOKING Heroism.
 10800 | Lair:2   | 10800 ||| SWAPPING to +0 hand axe of flaming.
 10808 | Lair:2   | Killed a three-headed hydra
 10809 | Lair:2   | 10809 ||| SWAPPING to +2 war axe of draining.
 10818 | Lair:2   | 10818 ||| FLEEEEING.
 10819 | Lair:2   | 10819 ||| FLEEEEING.
 10820 | Lair:2   | 10820 ||| FLEEEEING.
 10821 | Lair:2   | 10821 ||| FLEEEEING.
 10824 | Lair:2   | 10824 ||| FLEEEEING.
 10825 | Lair:2   | 10825 ||| STAIRDANCE
 11002 | Lair:2   | 11002 ||| STAIRDANCE
 11004 | Lair:1   | 11004 ||| INVOKING Heroism.
 11069 | Lair:2   | 11069 ||| STAIRDANCE
 11071 | Lair:1   | 11071 ||| INVOKING Heroism.
 11077 | Lair:1   | Reached *** piety under Okawaru
 11135 | Lair:2   | 11135 ||| INVOKING Heroism.
 11138 | Lair:2   | 11138 ||| STAIRDANCE
 11187 | Lair:2   | 11187 ||| INVOKING Heroism.
 11235 | Lair:2   | 11235 ||| Stepping ~*~*~tactically~*~*~ (hiding).
 11239 | Lair:2   | 11239 ||| INVOKING Heroism.
 11402 | Lair:2   | 11402 ||| INVOKING Heroism.
 11404 | Lair:2   | 11404 ||| Stepping ~*~*~tactically~*~*~ (stealth).
 11415 | Lair:2   | 11415 ||| Stepping ~*~*~tactically~*~*~ (stealth).
 11419 | Lair:2   | 11419 ||| Stepping ~*~*~tactically~*~*~ (stealth).
 11421 | Lair:2   | 11421 ||| INVOKING Heroism.
 11485 | Lair:2   | 11485 ||| INVOKING Heroism.
 11486 | Lair:2   | 11486 ||| Stepping ~*~*~tactically~*~*~ (stealth).
 11514 | Lair:2   | Reached skill level 16 in Axes
 11519 | Lair:2   | 11519 ||| INVOKING Heroism.
 11604 | Lair:2   | 11604 ||| INVOKING Heroism.
 11715 | Lair:2   | Found a hole to the Spider Nest.
 11720 | Lair:2   | 11720 ||| Stepping ~*~*~tactically~*~*~ (hiding).
 11750 | Lair:2   | 11750 ||| READING scroll of enchant weapon.
 11750 | Lair:2   | 11750 ||| ENCHANTING +2 war axe of draining.
 11791 | Lair:2   | Reached XP level 12. HP: 69/73 MP: 16/16
 11858 | Lair:2   | Noticed Nergalle
 11860 | Lair:2   | 11860 ||| INVOKING Heroism.
 11876 | Lair:2   | Killed Nergalle
 11876 | Lair:2   | Reached **** piety under Okawaru
 12295 | Lair:2   | 12295 ||| INVOKING Heroism.
 12316 | Lair:2   | 12316 ||| INVOKING Heroism.
 12415 | Lair:2   | 12415 ||| Stepping ~*~*~tactically~*~*~ (stealth).
 12418 | Lair:2   | 12418 ||| Stepping ~*~*~tactically~*~*~ (stealth).
 12421 | Lair:2   | 12421 ||| INVOKING Heroism.
 12437 | Lair:2   | Reached skill level 9 in Fighting
 12873 | Lair:2   | 12873 ||| READING 2 scrolls of identify.
 12873 | Lair:2   | 12873 ||| IDENTIFYING emerald potion
 12874 | Lair:2   | 12874 ||| DROPPING potion of berserk rage.
 12913 | Lair:3   | Noticed a four-headed hydra
 12914 | Lair:3   | 12914 ||| INVOKING Heroism.
 12915 | Lair:3   | 12915 ||| SWAPPING to +0 hand axe of flaming.
 12920 | Lair:3   | Killed a one-headed hydra
 12921 | Lair:3   | 12921 ||| SWAPPING to +3 war axe of draining.
 12923 | Lair:3   | Reached ***** piety under Okawaru
 12924 | Lair:3   | 12924 ||| INVOKING Finesse.
 12930 | Lair:3   | HP: 18/76 [oklob plant/splash of acid (21)]
 12931 | Lair:3   | 12931 ||| READING 5 scrolls of teleportation.
 12932 | Lair:3   | 12932 ||| DRINKING 2 potions of heal wounds.
 13070 | Lair:3   | 13070 ||| INVOKING Heroism.
 13072 | Lair:3   | HP: 19/76 [oklob plant/splash of acid (12)]
 13073 | Lair:3   | 13073 ||| READING 4 scrolls of teleportation.
 13074 | Lair:3   | 13074 ||| DRINKING potion of heal wounds.
 13328 | Lair:3   | 13328 ||| INVOKING Heroism.
 13338 | Lair:3   | Reached skill level 6 in Dodging
 13338 | Lair:3   | Reached skill level 6 in Invocations
 13358 | Lair:3   | 13358 ||| Stepping ~*~*~tactically~*~*~ (stealth).
 13359 | Lair:3   | 13359 ||| Stepping ~*~*~tactically~*~*~ (stealth).
 13360 | Lair:3   | 13360 ||| INVOKING Heroism.
 13364 | Lair:3   | 13364 ||| Stepping ~*~*~tactically~*~*~ (stealth).
 13365 | Lair:3   | 13365 ||| Stepping ~*~*~tactically~*~*~ (stealth).
 13366 | Lair:3   | 13366 ||| Stepping ~*~*~tactically~*~*~ (stealth).
 13642 | Lair:3   | 13642 ||| Stepping ~*~*~tactically~*~*~ (stealth).
 13643 | Lair:3   | 13643 ||| Stepping ~*~*~tactically~*~*~ (stealth).
 13644 | Lair:3   | 13644 ||| Stepping ~*~*~tactically~*~*~ (stealth).
 13645 | Lair:3   | 13645 ||| Stepping ~*~*~tactically~*~*~ (stealth).
 13646 | Lair:3   | 13646 ||| Stepping ~*~*~tactically~*~*~ (stealth).
 13648 | Lair:3   | 13648 ||| INVOKING Heroism.
 13649 | Lair:3   | 13649 ||| Stepping ~*~*~tactically~*~*~ (stealth).
 13702 | Lair:3   | 13702 ||| Stepping ~*~*~tactically~*~*~ (stealth).
 13705 | Lair:3   | 13705 ||| Stepping ~*~*~tactically~*~*~ (stealth).
 13845 | Lair:3   | 13845 ||| INVOKING Heroism.
 13906 | Lair:3   | 13906 ||| Stepping ~*~*~tactically~*~*~ (hiding).
 13943 | Lair:3   | Found a staircase to the Shoals.
 13979 | Lair:3   | 13979 ||| INVOKING Heroism.
 14224 | Lair:3   | 14224 ||| INVOKING Heroism.
 14268 | Lair:3   | 14268 ||| Stepping ~*~*~tactically~*~*~ (stealth).
 14270 | Lair:3   | 14270 ||| Stepping ~*~*~tactically~*~*~ (stealth).
 14271 | Lair:3   | 14271 ||| Stepping ~*~*~tactically~*~*~ (stealth).
 14286 | Lair:3   | 14286 ||| FLEEEEING.
 14287 | Lair:3   | 14287 ||| FLEEEEING.
 14288 | Lair:3   | 14288 ||| FLEEEEING.
 14289 | Lair:3   | 14289 ||| FLEEEEING.
 14290 | Lair:3   | 14290 ||| FLEEEEING.
 14293 | Lair:3   | 14293 ||| FLEEEEING.
 14294 | Lair:3   | 14294 ||| FLEEEEING.
 14309 | Lair:3   | 14309 ||| INVOKING Heroism.
 14313 | Lair:3   | Received a gift from Okawaru
 14314 | Lair:3   | Reached XP level 13. HP: 77/82 MP: 16/19
 14350 | Lair:3   | 14350 ||| Stepping ~*~*~tactically~*~*~ (stealth).
 14352 | Lair:3   | 14352 ||| INVOKING Heroism.
 14489 | Lair:3   | 14489 ||| INVOKING Heroism.
 14490 | Lair:3   | 14490 ||| INVOKING Finesse.
 14500 | Lair:3   | HP: 19/82 [oklob plant/splash of acid (32)]
 14501 | Lair:3   | 14501 ||| READING 3 scrolls of teleportation.
 14808 | Lair:3   | 14808 ||| INVOKING Heroism.
 14809 | Lair:3   | 14809 ||| INVOKING Finesse.
 14810 | Lair:3   | 14810 ||| FLEEEEING.
 14811 | Lair:3   | 14811 ||| STAIRDANCE
 15004 | Lair:2   | 15004 ||| UPGRADING to ring of protection from cold.
 15006 | Lair:2   | 15006 ||| READING 3 scrolls of identify.
 15006 | Lair:2   | 15006 ||| IDENTIFYING sedimented grey potion
 15009 | Lair:3   | 15009 ||| INVOKING Heroism.
 15010 | Lair:3   | 15010 ||| INVOKING Finesse.
 15158 | Lair:4   | Found a staircase to the Slime Pits.
 15159 | Lair:4   | 15159 ||| INVOKING Heroism.
 15262 | Lair:4   | 15262 ||| INVOKING Heroism.
 15266 | Lair:4   | 15266 ||| SWAPPING to +0 hand axe of flaming.
 15273 | Lair:4   | Received a gift from Okawaru
 15274 | Lair:4   | 15274 ||| SWAPPING to +3 war axe of draining.
 15384 | Lair:4   | 15384 ||| INVOKING Heroism.
 15506 | Lair:4   | 15506 ||| INVOKING Heroism.
 15613 | Lair:4   | 15613 ||| Stepping ~*~*~tactically~*~*~ (stealth).
 15618 | Lair:4   | 15618 ||| Stepping ~*~*~tactically~*~*~ (stealth).
 15628 | Lair:4   | 15628 ||| Stepping ~*~*~tactically~*~*~ (stealth).
 15631 | Lair:4   | 15631 ||| FLEEEEING.
 15633 | Lair:4   | 15633 ||| FLEEEEING.
 15639 | Lair:4   | 15639 ||| FLEEEEING.
 15640 | Lair:4   | 15640 ||| FLEEEEING.
 15641 | Lair:4   | 15641 ||| FLEEEEING.
 15642 | Lair:4   | 15642 ||| FLEEEEING.
 15643 | Lair:4   | 15643 ||| FLEEEEING.
 15644 | Lair:4   | 15644 ||| FLEEEEING.
 15650 | Lair:4   | 15650 ||| FLEEEEING.
 15675 | Lair:4   | Reached skill level 9 in Armour
 15820 | Lair:4   | 15820 ||| Stepping ~*~*~tactically~*~*~ (hiding).
 15823 | Lair:4   | 15823 ||| INVOKING Heroism.
 15824 | Lair:4   | 15824 ||| INVOKING Finesse.
 15825 | Lair:4   | 15825 ||| SWAPPING to +0 hand axe of flaming.
 15833 | Lair:4   | Received a gift from Okawaru
 15835 | Lair:4   | 15835 ||| SWAPPING to +3 war axe of draining.
 16167 | Lair:5   | Entered Level 5 of the Lair of Beasts
 16168 | Lair:5   | 16168 ||| INVOKING Heroism.
 16171 | Lair:5   | 16171 ||| SWAPPING to +0 hand axe of flaming.
 16175 | Lair:5   | HP: 17/81 [four-headed hydra (11)]
 16176 | Lair:5   | 16176 ||| READING 2 scrolls of teleportation.
 16179 | Lair:5   | HP: 4/81 [rime drake/flash freeze (14)]
 16179 | Lair:5   | HP: 1/81 [hell rat (3)]
 16181 | Lair:5   | 16181 ||| SWAPPING to +3 war axe of draining.
 16552 | Lair:5   | 16552 ||| INVOKING Heroism.
 16583 | Lair:5   | 16583 ||| INVOKING Heroism.
 16604 | Lair:5   | 16604 ||| Stepping ~*~*~tactically~*~*~ (stealth).
 16606 | Lair:5   | 16606 ||| Stepping ~*~*~tactically~*~*~ (stealth).
 16608 | Lair:5   | 16608 ||| Stepping ~*~*~tactically~*~*~ (stealth).
 16619 | Lair:5   | Reached skill level 3 in Throwing
 16624 | Lair:5   | Reached skill level 9 in Invocations
 16624 | Lair:5   | 16624 ||| Stepping ~*~*~tactically~*~*~ (cloud).
 16639 | Lair:5   | 16639 ||| INVOKING Heroism.
 16646 | Lair:5   | 16646 ||| Stepping ~*~*~tactically~*~*~ (stealth).
 16660 | Lair:5   | HP: 20/82 [poisoned by a sea snake]
 16665 | Lair:5   | HP: 14/82 [poisoned by a sea snake]
 16704 | Lair:5   | 16704 ||| INVOKING Heroism.
 16707 | Lair:5   | 16707 ||| READING scroll of teleportation.
 16711 | Lair:5   | HP: 13/82 [harpy (9)]
 16716 | Lair:5   | HP: 3/82 [rime drake/flash freeze (7)]
 16726 | Lair:5   | Mangled by a cane toad

Levels and vault maps discovered:
D:1:      spicycebolla_green_bress_n_ham_2, layout_basic
D:2:      layout_rooms, ebering_ecumenical_altar_webs, minmay_lizard_king
D:3:      layout_loops_ring, ashenzari_altar_1, nicolae_overflow_crystal_walls,
          wander_ebering_terrifying_dragon_lair
D:4:      layout_basic, mainiacjoe_overflow_cross_hatched,
          nicolae_vehumet_radiance, mainiacjoe_overflow_surrounded_room
D:5:      layout_loops_ring, hangedman_decor_push, nicolae_shop_clearance
D:6:      cheibrodos_barr_body, layout_loops_ring, minmay_temple_entry_waves,
          serial_shops, shop
D:7:      layout_rooms, grunt_dithmenos_smoke, lemuel_doored_altar,
          serial_shops, shop, kennysheep_little_box, kennysheep_mini_moat, shop,
          nicolae_shop_stone, hex_intersection, fountainhead, uniq_maggie
D:8:      layout_basic, okawaru_metal_pillars_1_2, due_lair_maze_entry_diamond,
          st_stairs_13, minmay_manual_mail
Temple:   hellmonk_temple_of_storms
Lair:1:   layout_cave_shapes, serial_bayou, serial_bayou_shore_a,
          serial_bayou_lagoon_b, serial_bayou_lake_a, serial_bayou_ford_a,
          beast_lair_carwin_7
Lair:2:   layout_cave_pods, hellmonk_spider_entry_life_and_decay,
          grunt_megastairs_1, uniq_nergalle
Lair:3:   beast_lair_carwin_large_3, layout_gridlike,
          minmay_shoals_entry_lonely_mermaid, grunt_forest_stairs_basic
Lair:4:   layout_gridlike, slime_entry_1
Lair:5:   gammafunk_lair_ancient_temple, layout_cave_pods,
          minmay_stone_trees_small, grunt_megastairs_2

Skill      XL: |  1  2  3  4  5  6  7  8  9 10 11 12 13 |
---------------+----------------------------------------+-----
Axes           | 3 4 5 6 7 8 10 12 14 16 | 16.0
Armour         | 2 3 4 5 6 8 9 |  9.0
Fighting       | 3 5 6 7 8 9 10 | 10.0
Dodging        | 3 4 5 6 |  6.9
Invocations    | 2 4 7 9 |  9.2
Throwing       | 2 3 |  3.1
Spellcasting   | |  2.0
Translocations | |  2.4

Action                   |  1- 3 |  4- 6 |  7- 9 | 10-12 | 13-15 || total
-------------------------+-------+-------+-------+-------+-------++-------
Melee: Hand axe          |    72 |       |       |    11 |    23 ||   106
       Peck              |    15 |    14 |    38 |    98 |    51 ||   216
       Kick              |    12 |    18 |    44 |   148 |    64 ||   286
       War axe           |       |    76 |   177 |   474 |   114 ||   841
       Punch             |       |       |     2 |    11 |     4 ||    17
Throw: Boomerang         |    25 |    24 |     2 |   106 |    14 ||   171
Invok: Heroism           |       |       |       |    30 |    14 ||    44
       Finesse           |       |       |       |     1 |     4 ||     5
  Use: Scroll            |     5 |     7 |    11 |     6 |     4 ||    33
       Potion            |       |     3 |     1 |     5 |       ||     9
Armor: Scale mail        |    16 |     7 |       |       |       ||    23
       Leather armour    |     2 |       |       |       |       ||     2
       Chain mail        |       |    33 |    97 |   229 |    70 ||   429
Dodge: Dodged            |    23 |    19 |    78 |   213 |    70 ||   403

Table legend:
 A = Non-vault XP
 B = Vault XP
 C = Vault XP percentage of total XP
 D = Non-vault monster count
 E = Vault monster count
 F = Vault count percentage of total count
                 A         B        C        D         E       F
            +---------+---------+-------+---------+---------+-------
      Total |   29457 |   14153 |  32.5 |     223 |      86 |  27.8
            +---------+---------+-------+---------+---------+-------
        D:1 |      32 |       0 |   0.0 |      16 |       0 |   0.0
        D:2 |      30 |      13 |  30.2 |      15 |      13 |  46.4
        D:3 |      62 |       1 |   1.6 |      14 |       1 |   6.7
        D:4 |     225 |       0 |   0.0 |      25 |       0 |   0.0
        D:5 |     958 |       0 |   0.0 |      13 |       0 |   0.0
        D:6 |    1031 |     675 |  39.6 |      20 |      12 |  37.5
        D:7 |     898 |     379 |  29.7 |      12 |       1 |   7.7
        D:8 |    1369 |    2271 |  62.4 |      16 |      17 |  51.5
     Lair:1 |    3761 |    1623 |  30.1 |      23 |      11 |  32.4
     Lair:2 |    6467 |    3810 |  37.1 |      18 |      13 |  41.9
     Lair:3 |    7632 |    1982 |  20.6 |      31 |       9 |  22.5
     Lair:4 |    5802 |       0 |   0.0 |      17 |       0 |   0.0
     Lair:5 |    1190 |    3399 |  74.1 |       3 |       9 |  75.0
            +---------+---------+-------+---------+---------+-------
